 Dungeon Crawl Stone Soup version 0.31-a0-559-g03b8d61ab2 (webtiles) character file.

Game seed: 5326470230229233606

56 Ethylacetat the Ducker (level 3, -8/25 HPs)
             Began as an Octopode Gladiator on Aug 17, 2023.
             Killed from afar by Sigmund (14 damage)
             ... with a puff of flame
             ... on level 2 of the Dungeon.
             The game lasted 00:01:05 (903 turns).

Ethylacetat the Ducker (Octopode Gladiator)          Turns: 903, Time: 00:01:06

Health: -8/25      AC:  1    Str: 13    XL:     3   Next: 95%
Magic:  3/3        EV: 14    Int: 10    God:
Gold:   38         SH:  0    Dex: 15    Spells: 2/2 levels left

rFire   . .          .
                       - Unarmed
rCold   . . .        (no shield)
rNeg    . . .        a - +0 hat
rPois   .            h - amulet of the acrobat
rElec   .            (no ring)
rCorr   .            (no ring)
SInv    .            (no ring)
Will    .....        (no ring)
Stlth   ++           (no ring)
HPRegen 0.24/turn    (no ring)
MPRegen 0.08/turn    (no ring)
                     (no ring)

%: acrobat
@: confused, lethally poisoned (-8 -> -16), ambrosia-drunk
A: almost no armour, amphibious, 8 rings, camouflage 1, gelatinous body 1,
(nimble swimmer 1), tentacles
a: no special abilities


You were on level 2 of the Dungeon.
You visited 1 branch of the dungeon, and saw 2 of its levels.

You collected 38 gold pieces.

Inventory:

Missiles
 b - 3 throwing nets (quivered)
 c - a javelin
 f - 3 silver javelins
Armour
 a - a +0 hat (worn)
Jewellery
 h - an amulet of the acrobat (around mantle)
Scrolls
 e - a scroll of identify {unknown}
Potions
 d - a potion of ambrosia
 g - a potion of curing {unknown}


   Skills:
 + Level 2.9 Fighting
 - Level 2.0 Throwing
 + Level 3.6 Dodging
 + Level 3.6 Unarmed Combat


You had 2 spell levels left.
You didn't know any spells.
Your spell library contained the following spells:

 Spells                   Type           Power      Damage    Failure   Level
 Gell's Gravitas          Tloc           0%         N/A       75%         3
 Teleport Other           Tloc           0%         N/A       75%         3
 Volatile Blastmotes      Fire/Tloc      0%         2d10      75%         3
 Fulminant Prism          Conj/Hex       0%         3d5       98%         4
 Iskenderun's Mystic Bla  Conj/Tloc      0%         2d3       98%         4
 Dispersal                Tloc           0%         N/A       100%        6


Dungeon Overview and Level Annotations

Branches:
Dungeon (2/15)

Altars:

Shops:
D:2 *!

Annotations:
D:2 Sigmund


Innate Abilities, Weirdness & Mutations

You cannot wear most types of armour.
You are amphibious.
You can wear up to eight rings at the same time.
Your skin changes colour to match your surroundings (Stealth+).
Your rubbery body absorbs attacks. (AC +1, EV +1)
((You are camouflaged when in or above water. (Stealth+)))
You have tentacles for arms and can constrict up to eight enemies at once.


Message History

Found 7 stones.
No target in view!
You enter the shallow water.
An adder comes into view.
An adder is nearby!
Sigmund the Dreaded comes into view.
He is wielding a +3 scythe of venom.
Sigmund says, "Now you see me, now you don't..."
The helpless adder fails to defend itself.
You tentacle-slap the adder but do no damage.
You grab the adder. You squeeze the adder!
The adder is severely wounded.
You constrict the adder, but do no damage.
The adder misses you.
Sigmund gestures wildly while chanting.
Sigmund flickers and vanishes!
Deactivating autopickup; reactivate with Ctrl-A.
The adder misses you.
You tentacle-slap the adder.
You kill the adder!
Something closely misses you.
You tentacle-slap something but do no damage.
Something hits you!
You are poisoned.
You closely miss something. Your squeeze misses something.
You feel very sick. Something closely misses you.
You tentacle-slap something. Your squeeze misses something.
You feel sick.
You miss something.
You feel sick. Something hits you!
* * * LOW HITPOINT WARNING * * *
You are more poisoned.
It was a potion of ambrosia.
You are confused.
You feel invigorated.
* * * LOW HITPOINT WARNING * * *
You feel very sick.
You hear some strange, mumbled words.
A puff of flame appears from out of thin air!
The puff of flame hits you!
Ouch! That really hurt!
You die...

#.........#
######.~~≈..#
#......~∩≈.##
#.#....~~~.#
#.##.....#
#....##......
#....##.#####
#....# .#
#...@# .#
#...{# #....#
#....# #....#
#....# #.....
#.....


There were no monsters in sight!

Vanquished Creatures
  An adder (D:2)
  A worm (D:2)
  2 dart slugs (D:1)
  4 ball pythons (D:1)
  4 bats
  3 endoplasms (D:1)
  2 giant cockroaches (D:2)
  4 goblins (D:1)
  2 hobgoblins (D:1)
  2 jackals (D:1)
  2 quokkas
  3 frilled lizards (D:1)
  2 kobolds
  6 rats
38 creatures vanquished.

Notes
Turn   | Place    | Note
-------+----------+-------------------------------------------
     0 | D:1      | Ethylacetat the Octopode Gladiator began the quest for the
                  | Orb.
     0 | D:1      | Reached XP level 1. HP: 14/14 MP: 1/1
    91 | D:1      | Reached XP level 2. HP: 19/19 MP: 2/2
   304 | D:1      | Reached XP level 3. HP: 25/25 MP: 3/3
   819 | D:2      | Found Dygugus's General Store.
   884 | D:2      | Found Exij's Distillery.
   893 | D:2      | Noticed Sigmund
   903 | D:2      | Killed from afar by Sigmund

Illustrated notes

Levels and vault maps discovered:
D:1:      psy_arrival_fountain, layout_rooms, glass_columns_a,
          chequers_serial_rivers_micro_b
D:2:      layout_basic, serial_shops, nicolae_shop_window_shopping,
          nicolae_shop_industrial_runoff, nicolae_shop_industrial_runoff,
          nicolae_square_shop, nicolae_lakefront_shop, uniq_natasha,
          uniq_sigmund

Action                     || total
---------------------------++-------
  Melee: Unarmed           ||    86
         Constrict         ||    20
         Tentacles         ||    15
         Punch             ||     4
    Use: Potion            ||     1
   Stab: Sleeping          ||     7
 Armour: Skin              ||     6
  Dodge: Dodged            ||    48

Table legend: (Time is in decaauts)
 A = Elapsed time spent in this place.
 B = Non-inter-level travel time spent in this place.
 C = Inter-level travel time spent in this place.
 D = Time resting spent in this place.
 E = Time spent auto-exploring this place.
 F = Levels seen in this place.
 G = Mean time per level.
                   A        B        C        D        E       F      G
               +--------+--------+--------+--------+--------+-----+--------+
         Total |    897 |    855 |     42 |      0 |    633 |   2 |  448.5 |
       Dungeon |    897 |    855 |     42 |      0 |    633 |   2 |  448.5 |
               +--------+--------+--------+--------+--------+-----+--------+

Top non-repeatable levels by time:
     D:1: 661 daAuts
     D:2: 236 daAuts
